 Dungeon Crawl Stone Soup version 0.26.0-9-gab577f9fc5 (webtiles) character file.

Game seed: 1894013356650770436

1134 rabbi the Cleaver (level 8, 0/105 HPs)
             Began as a Hill Orc Berserker on Jan 13, 2021.
             Was an Elder of Trog.
             Slain by a gnoll
             ... wielding a +0 halberd
              (12 damage)
             ... on level 5 of the Dungeon.
             The game lasted 00:04:30 (5074 turns).

rabbi the Cleaver (Hill Orc Berserker)              Turns: 5074, Time: 00:04:31

Health: 0/105      AC:  5    Str: 22      XL:     8   Next: 36%
Magic:  8/8        EV: 12    Int:  5 (7)  God:    Trog [****..]
Gold:   15         SH:  0    Dex:  9 (10) Spells: 7/7 levels left

rFire    . . .     SeeInvis .   a - +0 hand axe
rCold    . . .     Faith    .   (no shield)
rNeg     . . .     Spirit   .   b - +0 animal skin
rPois    .         Reflect  .   (helmet restricted)
rElec    .         Harm     .   (no cloak)
rCorr    .         Rampage  .   l - +0 pair of gloves
Will     .....                  (no boots)
Stlth    ..........             (no amulet)
HPRegen  0.27/turn              p - ring of flight
MPRegen  0.11/turn              (no ring)

@: berserking, very quick
A: horns 1, yellow scales 1, robust 1, wild magic 1
a: Renounce Religion, Evoke Flight, Berserk, Trog's Hand, Brothers in Arms


You were on level 5 of the Dungeon.
You worshipped Trog.
Trog was greatly pleased with you.
You visited 1 branch of the dungeon, and saw 5 of its levels.

You collected 163 gold pieces.
You spent 148 gold pieces at shops.

Inventory:

Hand Weapons
 a - a +0 hand axe (weapon)
Armour
 b - a +0 animal skin (worn)
 l - a +0 pair of gloves (worn)
Jewellery
 p - a ring of flight (left hand)
Wands
 g - a wand of acid (9)
 i - a wand of iceblast (6)
 o - a wand of polymorph (17)
 r - a wand of random effects (23)
Scrolls
 d - 2 scrolls of magic mapping
 f - a scroll of blinking {unknown}
 h - 3 scrolls of remove curse
 k - a scroll of teleportation
 s - 6 scrolls of identify
Potions
 m - a potion of invisibility
 q - a potion of resistance


   Skills:
 - Level 3.6 Fighting
 * Level 12.7 Axes
 - Level 2.1 Armour
 - Level 1.5 Dodging


You had 7 spell levels left.
You didn't know any spells.
Your spell library was empty.

Dungeon Overview and Level Annotations

Branches:
Dungeon (5/15)
 Temple: D:4-7

Altars:
Elyvilon
Fedhas
Nemelex Xobeh
Okawaru
Vehumet
Yredelemnul

Shops:
D:4 ?(!   D:5 }[:?


Innate Abilities, Weirdness & Mutations

You have a pair of small horns on your head.
You are partially covered in yellow scales. (AC +2)
You are robust. (+10% HP)
Your spells are a little harder to cast, but a little more powerful.


Message History

You closely miss the gnoll. You barely miss the gnoll.
The gnoll hits you with a +0 spear.
* * * LOW HITPOINT WARNING * * *
The gnoll closely misses you. The gnoll barely misses you.
You are too injured to fight recklessly!
You are too injured to fight recklessly!
You feel better. The gnoll hits you with a +0 spear.
* * * LOW HITPOINT WARNING * * *
The gnoll hits you with a +0 spear!
* * * LOW HITPOINT WARNING * * *
You feel much better. The gnoll hits you with a +0 halberd!
* * * LOW HITPOINT WARNING * * *
The gnoll hits you with a +0 spear.
* * * LOW HITPOINT WARNING * * *
The gnoll hits you with a +0 spear!
* * * LOW HITPOINT WARNING * * *
A red film seems to cover your vision as you go berserk!
You feel yourself moving faster!
You feel mighty! The gnoll hits you with a +0 halberd!
You die...

#§§≈≈≈#.## ####
#######...
...#####........##
#.........##....##
#.........###.)... ##
#.........# ##...# #..
#.......<.## ##...
#...#gg...........>.#.
#.g@........#####.##
####)..#.##.# #.##
##....##.# ##)#.
##.......####.... .
#..........##.#.. #.
#.[........#. ###
..##.........)..# #
..............###
.###(.........# ##


You could see 3 gnolls.

Vanquished Creatures
  Sigmund (D:3)
  An ice beast (D:5)
  A phantom (D:5)
  A sky beast (D:5)
  A bullfrog (D:4)
  A howler monkey (D:4)
  A hound (D:5)
  A jelly (D:5)
  An orc priest (D:4)
  Ijyb (D:3)
  An iguana (D:5)
  An orc wizard (D:4)
  Natasha (thrice) (D:3)
  3 worker ants
  Robin (D:2)
  4 gnolls (D:5)
  10 adders
  A white imp (D:5)
  An ufetubus (D:5)
  2 oozes
  2 worms
  2 dart slugs
  A leopard gecko (D:1)
  14 orcs
  2 giant cockroaches
  24 goblins
  6 hobgoblins
  5 jackals
  6 kobolds
  2 quokkas
  2 ball pythons
  4 bats
  5 frilled lizards
  A giant cockroach zombie (D:5)
  A quokka skeleton (D:4)
  8 rats
122 creatures vanquished.

Vanquished Creatures (others)
  A withered plant (D:4)
1 creature vanquished.

Grand Total: 123 creatures vanquished

Notes
Turn   | Place    | Note
-------+----------+-------------------------------------------
     0 | D:1      | rabbi the Hill Orc Berserker began the quest for the Orb.
     0 | D:1      | Reached XP level 1. HP: 19/19 MP: 1/1
    70 | D:1      | Reached XP level 2. HP: 16/26 MP: 2/2
   341 | D:1      | Reached skill level 5 in Axes
   656 | D:1      | Reached ** piety under Trog
   660 | D:1      | Reached XP level 3. HP: 29/31 MP: 3/3
   906 | D:2      | Reached skill level 6 in Axes
  1128 | D:2      | Noticed Robin
  1132 | D:2      | Reached XP level 4. HP: 39/39 MP: 4/4
  1139 | D:2      | Killed Robin
  1670 | D:2      | Reached skill level 7 in Axes
  1683 | D:2      | Reached XP level 5. HP: 45/45 MP: 5/5
  1724 | D:3      | Noticed Ijyb
  1724 | D:3      | Noticed Natasha
  1756 | D:3      | Killed Natasha
  1760 | D:3      | Killed Ijyb
  1761 | D:3      | Reached skill level 8 in Axes
  1928 | D:3      | Noticed Natasha
  1930 | D:3      | Found a white marble altar of Elyvilon.
  1931 | D:3      | Reached *** piety under Trog
  1941 | D:3      | Killed Natasha
  2175 | D:3      | Noticed Natasha
  2197 | D:3      | Killed Natasha
  2198 | D:3      | Reached XP level 6. HP: 51/51 MP: 6/6
  2366 | D:3      | Found a blossoming altar of Fedhas.
  2414 | D:3      | Noticed Sigmund
  2429 | D:3      | Killed Sigmund
  2430 | D:3      | Reached skill level 10 in Axes
  2430 | D:3      | Reached XP level 7. HP: 37/57 MP: 7/7
  2700 | D:3      | Found a radiant altar of Vehumet.
  2704 | D:3      | Found a sparkling altar of Nemelex Xobeh.
  2785 | D:4      | Found a basalt altar of Yredelemnul.
  3007 | D:4      | Reached **** piety under Trog
  3299 | D:4      | Found Ytteq's Distillery.
  3307 | D:4      | Bought a potion of mutation for 88 gold pieces
  3307 | D:4      | Gained mutation: You are robust. (+10% HP) [potion of
                  | mutation]
  3307 | D:4      | Gained mutation: You have a pair of small horns on your
                  | head. [potion of mutation]
  3307 | D:4      | Gained mutation: Your spells are a little harder to cast,
                  | but a little more powerful. [potion of mutation]
  3307 | D:4      | Gained mutation: You are partially covered in yellow
                  | scales. (AC +2) [potion of mutation]
  3369 | D:4      | Reached skill level 11 in Axes
  3728 | D:4      | Found Heikah's Weapon Shoppe.
  3731 | D:4      | Found Xuemil's Magic Scroll Emporium.
  3741 | D:4      | Bought a scroll of remove curse for 30 gold pieces
  3741 | D:4      | Bought a scroll of remove curse for 30 gold pieces
  3980 | D:5      | Entered Level 5 of the Dungeon
  4214 | D:5      | Reached XP level 8. HP: 70/70 MP: 8/8
  4381 | D:5      | Found Begi's Armour Shoppe.
  4419 | D:5      | Found Atsinuecuo's Magic Scroll Emporium.
  4435 | D:5      | HP: 4/105 [acid (4)]
  4437 | D:5      | Reached skill level 12 in Axes
  4769 | D:5      | Found Qaunur's Book Shoppe.
  4817 | D:5      | Found an iron altar of Okawaru.
  4930 | D:5      | Found Gaing's Gadget Shoppe.
  5074 | D:5      | Slain by a gnoll

Illustrated notes

Levels and vault maps discovered:
D:1:      dpeg_arrival_tiny_a, layout_rooms, kennysheep_minor_cross,
          minmay_tromino_v2
D:2:      layout_loops_cross, makhleb_altar_promises_db,
          uniq_crazy_yiuf_cottage, uniq_robin
D:3:      layout_rooms, minitemple, fedhas_altar_2, lemuel_crystal_altar,
          uniq_sigmund, uniq_ijyb, uniq_natasha
D:4:      layout_cave_pods, serial_shops,
          nicolae_shop_temple_entry_statues_fountains, shop,
          nicolae_shop_crystal, yredelemnul_altar_generic
D:5:      layout_rooms, serial_shops, kennysheep_little_box,
          nicolae_shop_statue_plus, kennysheep_mini, nicolae_shop_trees, shop,
          okawaru_altar_gauntlet_db

Skill      XL: |  1  2  3  4  5  6  7  8 |
---------------+-------------------------+-----
Axes           | 5 6 7 8 10 11 12 | 12.7
Fighting       | |  3.6
Armour         | |  2.1
Dodging        | |  1.5

Action                   |  1- 3 |  4- 6 |  7- 9 || total
-------------------------+-------+-------+-------++-------
Melee: Hand axe          |    92 |   100 |   161 ||   353
       Headbutt          |       |       |    14 ||    14
Invok: Berserk           |     1 |     5 |     8 ||    14
  Use: Potion            |       |     5 |     7 ||    12
       Scroll            |       |     3 |     2 ||     5
 Stab: Sleeping          |     1 |       |       ||     1
Armor: Animal skin       |    28 |    23 |    27 ||    78
Dodge: Dodged            |    53 |    76 |    93 ||   222
